 Dungeon Crawl Stone Soup version 0.20.1-1-g8b1a95d (webtiles) character file.

14 slep the Skirmisher (level 2, 0/24 HPs)
             Began as a Demonspawn Abyssal Knight on Oct 26, 2017.
             Was a Follower of Lugonu.
             Slain by a leopard gecko (1 damage)
             ... on level 1 of the Dungeon.
             The game lasted 00:05:27 (459 turns).

slep the Skirmisher (Demonspawn Abyssal Knight)      Turns: 459, Time: 00:05:27

Health: 0/24       AC:  5    Str: 12    XL:     2   Next: 27%
Magic:  3/3        EV: 11    Int: 13    God:    Lugonu [*.....]
Gold:   56         SH:  0    Dex: 12    Spells: 1/1 levels left

rFire    . . .     SeeInvis .   g - staff of energy
rCold    . . .     Gourm    .   (no shield)
rNeg     . . .     Faith    .   b - +0 leather armour
rPois    .         Spirit   .   (helmet restricted)
rElec    .         Reflect  .   (no cloak)
rCorr    .         Harm     .   (no gloves)
MR       .....                  (no boots)
Stlth    +.........             (no amulet)
Regen    0.1/turn               l - +2 ring of protection
MPRegen  0.1/turn               (no ring)

@: no status effects
A: horns 1
a: Depart the Abyss, Renounce Religion


You were on level 1 of the Dungeon.
You worshipped Lugonu.
Lugonu was aware of your devotion.
You were not hungry.

You visited 1 branch of the dungeon, and saw 1 of its levels.
You visited the Abyss 1 time.

You collected 56 gold pieces.

Inventory:

Hand Weapons
 a - a +1 falchion
 d - a +1 halberd of protection
Armour
 b - a +0 leather armour (worn)
Magical Staves
 g - an uncursed staff of energy (weapon)
Jewellery
 l - a +2 ring of protection (left hand)
Scrolls
 e - a scroll of fear {unknown}
 j - a scroll of noise {unknown}
 m - 2 scrolls of teleportation {unknown}
Potions
 f - a potion of magic {unknown}
Books
 h - a book of Necromancy

   Spells                             Type                      Level
   a - Pain                           Necromancy                   1
   b - Animate Skeleton               Necromancy                   1
   c - Vampiric Draining              Necromancy                   3
   d - Regeneration                   Charms/Necromancy            3
   e - Animate Dead                   Necromancy                   4
   f - Control Undead                 Necromancy                   4
 i - a book of Power

   Spells                             Type                      Level
   a - Iskenderun's Battlesphere      Conjuration/Charms           5
   b - Venom Bolt                     Conjuration/Poison           5
   c - Bolt of Magma                  Conjuration/Fire/Earth       5
   d - Iron Shot                      Conjuration/Earth            6
   e - Orb of Destruction             Conjuration                  7
   f - Spellforged Servitor           Conjuration/Summoning        7
Comestibles
 c - 2 bread rations
 k - a royal jelly
 n - 3 chunks of flesh


   Skills:
 + Level 3.3 Fighting
 + Level 2.0 Long Blades
 + Level 2.0 Armour
 + Level 1.0 Dodging
 + Level 2.6 Invocations


You had one spell level left.
You didn't know any spells.

Dungeon Overview and Level Annotations

Branches:
Dungeon (1/15)

Altars:


Innate Abilities, Weirdness & Mutations

You have a pair of small horns on your head.


Message History

The leopard gecko barely misses you.
You hit the leopard gecko. Your headbutt misses the leopard gecko.
The leopard gecko is moderately wounded.
The leopard gecko closely misses you.
You closely miss the leopard gecko. Your headbutt misses the leopard gecko.
The leopard gecko is moderately wounded.
The leopard gecko bites you.
* * * LOW HITPOINT WARNING * * *
The leopard gecko bites you.
* * * LOW HITPOINT WARNING * * *
You closely miss the leopard gecko. Your headbutt misses the leopard gecko.
The leopard gecko is moderately wounded.
The leopard gecko closely misses you.
You closely miss the leopard gecko. You headbutt the leopard gecko.
The leopard gecko is severely wounded.
The leopard gecko bites you but does no damage.
You closely miss the leopard gecko. You headbutt the leopard gecko.
The leopard gecko is almost dead.
The leopard gecko bites you.
You die...

.........#...#....#.##.#.#
........##.....##...#....#
.......###.....##...........
...#####....................
.. ..........#..(.......... .
.......#..............#......
....#.#...#...........##.....
..###....###)#......#..##....
# %##...## #@#......##.##....
>....#####l#......##)##....
......(...l#......##.##....
.........###.......#.##.).#
.........# #.......#.##...#
.........# ######.........'
.........# #.........#
.........?. .............#
.........### ####.........#


You could see a leopard gecko and a frilled lizard.

Vanquished Creatures
  A dart slug (D:1)
  2 leopard geckos (D:1)
  A goblin (D:1)
  3 hobgoblins (D:1)
  A frilled lizard (D:1)
  A kobold (D:1)
9 creatures vanquished.

Notes
Turn   | Place    | Note
-------+----------+-------------------------------------------
     0 | Abyss:1  | slep the Demonspawn Abyssal Knight began the quest for the Orb.
     0 | Abyss:1  | Reached XP level 1. HP: 18/18 MP: 2/2
   127 | Abyss:2  | Noticed a glowing orange brain
   137 | D:1      | Escaped the Abyss
   309 | D:1      | Reached skill level 1 in Dodging
   360 | D:1      | Gained mutation: You have a pair of small horns on your head. [demonic ancestry]
   360 | D:1      | Reached XP level 2. HP: 15/24 MP: 3/3
   434 | D:1      | Reached * piety under Lugonu
   456 | D:1      | HP: 1/24 [leopard gecko (3)]
   459 | D:1      | Slain by a leopard gecko

Skill      XL: |  1  2 |
---------------+-------+-----
Dodging        | 1 |  1.0
Long Blades    | 2 |  2.0
Armour         | 2 |  2.0
Fighting       | |  3.3
Invocations    | |  2.6

Action                   || total
-------------------------++-------
Melee: Staff             ||    62
       Headbutt          ||     5
Invok: Depart the Abyss  ||     1
Armor: Leather armour    ||    18
Dodge: Dodged            ||    40
